 Dungeon Crawl Stone Soup version 0.27-a0-883-g39567a0c06 (webtiles) character file.

Game seed: 3407622196638396987

30 EnegeticOcto the Magician (level 3, 0/28 HPs)
             Began as a Djinni Earth Elementalist on Apr 3, 2021.
             Slain by an orc priest
             ... wielding a +0 flail
              (3 damage)
             ... on level 3 of the Dungeon.
             The game lasted 00:02:08 (347 turns).

EnegeticOcto the Magician (DjEE)                     Turns: 347, Time: 00:02:08

Health: 0/28       AC:  2    Str:  7    XL:     3   Next: 20%
Gold:   51         EV: 12    Int: 17    God:
                   SH:  0    Dex: 13

rFire    + + .     SeeInvis .   e - +0 trident
rCold    x . .     Faith    .   (no shield)
rNeg     . . .     Spirit   .   c - +0 robe
rPois    ∞         Reflect  .   (no helmet)
rElec    .         Harm     .   (no cloak)
rCorr    .         Rampage  .   (no gloves)
Will     .....                  (boots unavailable)
Stlth    ++........             (no amulet)
HPRegen  0.09/turn              (no ring)
MPRegen  0.00/turn              (no ring)

@: flying
A: fire resistance 2, cold vulnerability 1, float, innate caster, hp casting,
extra vitality 1
a: no special abilities


You were on level 3 of the Dungeon.
You visited 1 branch of the dungeon, and saw 3 of its levels.

You collected 51 gold pieces.

Inventory:

Hand Weapons
 e - a +0 trident (weapon)
   (You took it off an orc on level 3 of the Dungeon)
Missiles
 d - 4 silver boomerangs (quivered)
Armour
 c - a +0 robe (worn)
Scrolls
 a - a scroll of identify {unknown}


   Skills:
 + Level 1.8 Fighting
 - Level 2.1 Dodging
 - Level 1.5 Stealth
 + Level 3.2 Spellcasting


You couldn't memorise any spells.
You knew the following spells:

 Your Spells              Type           Power      Damage    Failure   Level
a - Sandblast             Erth           26%        2d8       4%          1
b - Stone Arrow           Conj/Erth      26%        3d8       14%         3
c - Petrify               Tmut/Erth      13%        N/A       41%         4
d - Lee's Rapid Deconstr  Erth           6%         3d7*      77%         5
e - Beastly Appendage     Tmut           26%        N/A       4%          1
p - Passwall              Tmut/Erth      10%        N/A       7%          2
Your spell library was empty.

Dungeon Overview and Level Annotations

Branches:
Dungeon (3/15)

Altars:


Innate Abilities, Weirdness & Mutations

You are immune to poison.
Your flesh is very heat resistant. (rF++)
You are vulnerable to cold. (rC-)
You float through the air rather than walking.
You learn spells naturally, not from books.
Your magical power is your life essence.
You have superior vitality. (+4 HP)


Message History

Press: ? - help, Shift-Dir - straight line, f/p - orc
Aim: an orc, wielding a +0 flail (21% to evade)
The blast of sand hits the orc!
You kill the orc!
b - 5 stones
Things that are here:
a +0 trident; a +0 ring mail; an orc corpse
e - a +0 trident (weapon)
You now have 39 gold pieces (gained 10).
You see here a +0 chain mail.
You now have 51 gold pieces (gained 12).
Things that are here:
a +0 flail; an orc corpse
Things that are here:
a +0 ring mail; an orc corpse
There is an open door here.
Things that are here:
a +0 dagger; a +0 scale mail
Found a stone staircase leading down.
An orc comes into view. It is wielding a +0 whip.
A bat and an orc priest come into view.
Casting: Sandblast (safe; 4% risk of failure)
Confirm with . or Enter, or press ? or * to list all spells.
Aiming: Sandblast (safe; 4% risk of failure)
Press: ? - help, Shift-Dir - straight line, f - orc
Aim: an orc, wielding a +0 whip (21% to evade)
The blast of sand hits the orc.
The orc is heavily wounded.
b - 4 stones
Casting: Sandblast (safe; 4% risk of failure)
Confirm with . or Enter, or press ? or * to list all spells.
Aiming: Sandblast (safe; 4% risk of failure)
Press: ? - help, Shift-Dir - straight line, f/p - orc
Aim: an orc, wielding a +0 whip (heavily wounded, 21% to evade)
The blast of sand hits the orc!
You kill the orc!
b - 3 stones Throw: 4 boomerangs (silver)
Press: ? - help, Q - select action, (/) - cycle Shift-Dir - straight line, f - orc priest
Aim: an orc priest, wielding a +0 flail and wearing a +0 ring mail (asleep, 98% to hit)
You throw a silver boomerang.
The silver boomerang hits the orc priest but does no damage.
The orc priest shouts!
The orc priest is lightly wounded.
A quokka comes into view.
Things that are here:
a +0 whip; an orc corpse
Casting: Sandblast (safe; 4% risk of failure)
Confirm with . or Enter, or press ? or * to list all spells.
The spell is quite dangerous to cast (14% risk of failure)!
Continue anyway?
Okay, then.
Throw: 4 boomerangs (silver)
Press: ? - help, Q - select action, (/) - cycle Shift-Dir - straight line, f/p - orc priest
Aim: an orc priest, wielding a +0 flail and wearing a +0 ring mail (lightly wounded, 60% to hit)
You throw a silver boomerang.
The silver boomerang hits the orc priest but does no damage.
The orc priest is lightly wounded.
A dart slug comes into view.
The orc priest calls down the wrath of Beogh upon you.
Beogh smites you!
* * * LOW HITPOINT WARNING * * *
You hear a shout!
Casting: Stone Arrow (quite dangerous; 14% risk of failure)
Confirm with . or Enter, or press ? or * to list all spells.
Aiming: Sandblast (safe; 4% risk of failure)
Press: ? - help, Shift-Dir - straight line, f/p - orc priest
Aim: an orc priest, wielding a +0 flail and wearing a +0 ring mail (lightly wounded, 18% to evade)
The blast of sand hits the orc priest.
The orc priest is heavily wounded.
b - 2 stones
* * * LOW HITPOINT WARNING * * *
Casting: Sandblast (safe; 4% risk of failure)
Confirm with . or Enter, or press ? or * to list all spells.
Aiming: Sandblast (safe; 4% risk of failure)
Press: ? - help, Shift-Dir - straight line, f/p - orc priest
Aim: an orc priest, wielding a +0 flail and wearing a +0 ring mail (heavily wounded, 18% to evade)
The blast of sand hits the orc priest.
The orc priest is severely wounded.
b - a stone
* * * LOW HITPOINT WARNING * * *
The orc priest looks satisfied for a moment.
Casting: Sandblast (safe; 4% risk of failure)
Confirm with . or Enter, or press ? or * to list all spells.
Aiming: Sandblast (safe; 4% risk of failure)
Press: ? - help, Shift-Dir - straight line, f/p - orc priest
Aim: an orc priest, wielding a +0 flail and wearing a +0 ring mail (severely wounded, 18% to evade)
The blast of sand hits the orc priest but does no damage.
The orc priest is severely wounded.
You now have no stones remaining.
* * * LOW HITPOINT WARNING * * *
Casting: Sandblast (safe; 4% risk of failure)
Confirm with . or Enter, or press ? or * to list all spells.
You don't have any stones to cast with.
You hit the orc priest.
The orc priest is almost dead.
The orc priest miscasts a cantrip.
You barely miss the orc priest.
The orc priest is almost dead.
The orc priest hits you with a +0 flail.
You die...

##.# #.# ..
#.# .. #.# ..
#.## .# #..#
.#
##.##b######
###..#.......
+..@.........
####o........
##........
#........
#..w.....
..>......
.o.......
.r.......


You could see an orc priest and a dart slug.

Vanquished Creatures
  An adder (D:2)
  A dart slug (D:2)
  5 orcs (D:3)
  A goblin (D:1)
  A hobgoblin (D:2)
  3 jackals (D:1)
  2 rats (D:2)
14 creatures vanquished.

Notes
Turn   | Place    | Note
-------+----------+-------------------------------------------
     0 | D:1      | EnegeticOcto the Djinni Earth Elementalist began the quest
                  | for the Orb.
     0 | D:1      | Reached XP level 1. HP: 15/15 MP: 0/0
    93 | D:2      | Reached skill level 1 in Fighting
    93 | D:2      | Reached skill level 3 in Spellcasting
    93 | D:2      | Reached XP level 2. HP: 2/22 MP: 0/0
   289 | D:3      | Reached XP level 3. HP: 14/28 MP: 0/0
   289 | D:3      | Learned a level 1 spell: Beastly Appendage
   347 | D:3      | Slain by an orc priest

Illustrated notes

Levels and vault maps discovered:
D:1:      dpeg_arrival_arbitrary_b, layout_basic, serial_shops,
          nicolae_shop_statue_plus, nicolae_shop_behind_doors,
          nicolae_shop_stone, shop, shop_fountains,
          chequers_ecumenical_altar_simple
D:2:      layout_loops_ring, minmay_misc_feat_rows, uniq_terence
D:3:      layout_basic, nicolae_overflow_hidden_temple, serial_shops,
          nicolae_shop_crystal

Skill      XL: |  1 |
---------------+----+-----
Fighting       | 1 |  1.8
Spellcasting   | 3 |  3.2
Dodging        | |  2.1
Stealth        | |  1.5

Action                   || total
-------------------------++-------
Melee: Trident           ||     2
Throw: Boomerang         ||     2
 Cast: Sandblast         ||    30
Dodge: Dodged            ||    13

Table legend: (Time is in decaauts)
 A = Elapsed time spent in this place.
 B = Non-inter-level travel time spent in this place.
 C = Inter-level travel time spent in this place.
 D = Time resting spent in this place.
 E = Time spent auto-exploring this place.
 F = Levels seen in this place.
 G = Mean time per level.
                   A        B        C        D        E       F      G
               +--------+--------+--------+--------+--------+-----+--------+
         Total |    397 |    382 |     15 |      0 |      0 |   3 |  132.3 |
       Dungeon |    397 |    382 |     15 |      0 |      0 |   3 |  132.3 |
               +--------+--------+--------+--------+--------+-----+--------+

Top non-repeatable levels by time:
     D:2: 230 daAuts
     D:1: 87 daAuts
     D:3: 80 daAuts
